 Dungeon Crawl Stone Soup version 0.18.1-2-ga659475 (webtiles) character file.

9626 Jeelzebub the Reanimator (level 11, -4/68 HPs)
             Began as a Mummy Necromancer on May 8, 2016.
             Slain by a spiny frog (11 damage)
             ... on level 2 of the Lair of Beasts.
             The game lasted 00:42:10 (18243 turns).

Jeelzebub the Reanimator (Mummy Necromancer)       Turns: 18243, Time: 00:42:10

Health: -4/68      AC:  9    Str: 15    XL:     11   Next: 25%
Magic:  10/20      EV: 11    Int: 22    God:
Gold:   248        SH:  2    Dex:  7    Spells: 5 memorised, 5 levels left

rFire  x x .     SeeInvis .     b - +10 war axe "Boiwke" {flame, -Tele +Rage rElec rPois Dex-5}
rCold  + + .     Gourm    .     p - +2 robe {Archmagi} {!d}
rNeg   + + +     Faith    .     (no shield)
rPois  ∞         Spirit   .     m - +0 helmet
rElec  +         Dismiss  .     e - +0 cloak
rCorr  .         Reflect  +     u - +0 pair of gloves {Str+3}
SustAt .         Harm     .     E - +1 pair of boots
MR     +....     NoTele   +     t - +2 amulet of reflection
Stlth  ++........               l - ring of ice {rC+, rF-}
                                f - +4 ring of intelligence

@: somewhat resistant to hostile enchantments, unstealthy
A: no food or potions, fire vulnerability, cold resistance 1, negative energy
resistance 3, torment resistance, unbreathing
a: no special abilities


You were on level 2 of the Lair of Beasts.
You were not hungry.

You visited 2 branches of the dungeon, and saw 12 of its levels.

You collected 581 gold pieces.
You spent 333 gold pieces at shops.

Inventory:

Hand Weapons
 a - a +7 quarterstaff of crushing
   (You took it off Crazy Yiuf on level 5 of the Dungeon)
 b - the +10 war axe "Boiwke" (weapon) {flame, -Tele +Rage rElec rPois Dex-5}
   (You found it on level 7 of the Dungeon)

   It has been specially enchanted to burn those struck by it, causing extra
   injury to most foes and up to half again as much damage against particularly
   susceptible opponents.
   Big, fiery blades are also staple armaments of hydra-hunters.
   It affects your dexterity (-5).
   It insulates you from electricity.
   It protects you from poison.
   It lets you go berserk.
   It prevents most forms of teleportation.
Missiles
 P - a tomahawk of dispersal {=f}
Armour
 e - a +0 cloak (worn)
   (You found it on level 3 of the Dungeon)
 m - a +0 helmet (worn)
   (You found it on level 6 of the Dungeon)
 p - a +2 robe of the Archmagi (worn) {!d}
   (You took it off Pikel on level 4 of the Dungeon)
 u - a +0 pair of gloves of strength (worn)
   (You bought it in a shop on level 6 of the Dungeon)
 B - the +2 hat of the High Council {Archmagi, Wiz- Stlth-, !d}
   (You found it on level 8 of the Dungeon)

   It makes you less stealthy.
 E - a +1 pair of boots (worn)
   (You found it on level 8 of the Dungeon)
Jewellery
 f - a +4 ring of intelligence (left hand)
   (You found it on level 1 of the Dungeon)
 l - a ring of ice (right hand) {rC+, rF-}
   (You took it off an orc on level 10 of the Dungeon)
 t - a +2 amulet of reflection (around neck)
   (You found it on level 5 of the Dungeon)
 v - an uncursed ring of resist corrosion
   (You bought it in a shop on level 6 of the Dungeon)
Wands
 q - a wand of flame (12/48)
   (You took it off Dowan on level 7 of the Dungeon)
 F - a wand of flame (31/48)
   (You found it on level 8 of the Dungeon)
 O - a wand of polymorph (9/24)
   (You found it on level 9 of the Dungeon)
Scrolls
 c - 2 scrolls of enchant weapon
 d - 6 scrolls of remove curse
 g - 5 scrolls of identify
 i - 4 scrolls of recharging
 j - 2 scrolls of teleportation
 k - 6 scrolls of amnesia
 r - a scroll of enchant armour
 x - 3 scrolls of vulnerability {!r!r}
 K - a scroll of torment
Books
 h - a book of Necromancy
 n - a book of Ice
   (You found it on level 4 of the Dungeon)
Miscellaneous
 o - a fan of gales
   (You found it on level 1 of the Lair of Beasts)


   Skills:
 - Level 1.5 Dodging
 - Level 1.5 Stealth
 - Level 6.6 Spellcasting
 + Level 10.9 Necromancy
 + Level 10.6 Ice Magic


You had 5 spell levels left.
You knew the following spells:

 Your Spells              Type           Power        Failure   Level  Hunger
a - Pain                  Necr           ####         1%          1    N/A
b - Simulacrum            Ice/Necr       #######...   21%         6    N/A
c - Control Undead        Necr           ######....   1%          4    N/A
x - Vampiric Draining     Necr           ######....   1%          3    N/A
A - Animate Dead          Necr           N/A          1%          4    N/A

Dungeon Overview and Level Annotations

Branches:
Dungeon (10/15)            Temple (0/1) D:6            Lair (2/8) D:9
    Orc (0/2) D:9

Altars:
Cheibriados
Dithmenos
Gozag
Okawaru
Pakellas
Qazlal
Xom
Zin
The Shining One

Shops:
D:6 *

Annotations:
D:2 Robin
D:5 1 runed door
D:10 invis


Innate Abilities, Weirdness & Mutations

You do not eat or drink.
Your flesh is vulnerable to fire.
You are immune to poison.
Your flesh is cold resistant.
You are immune to negative energy.
You are immune to unholy pain and torment.
You can survive without breathing.


Message History

You kill the river rat!
You hit the river rat. You burn the river rat.
The river rat closely misses you. x2; The river rat bites you!
You take 9 damage, and have 47/68 hp.
MP restored: 20 You hit the river rat.
You burn the river rat.
You kill the river rat!
You closely miss the river rat. You hit the river rat but do no damage.
The blink frog blinks!
The river rat bites you. The river rat closely misses you.
The sheep bites you but does no damage.
You take 1 damage, and have 46/68 hp.
You slash the sheep! You burn the sheep.
You kill the sheep!
You closely miss the river rat. You slash the river rat!
You burn the river rat.
The river rat bites you but does no damage.
The river rat closely misses you.
The river rat bites you but does no damage.
The river rat misses you.
The blink frog blinks!
You barely miss the river rat. You hit the river rat. You burn the river rat.
The river rat barely misses you. x2
You barely miss the river rat. You slash the river rat! You burn the river rat.
You kill the river rat!
The river rat bites you but does no damage.
The river rat barely misses you.
You slash the river rat! You burn the river rat.
You kill the river rat!
You slice the sheep!! You burn the sheep.
You kill the sheep!
Aim: a blink frog (chance to defeat MR: 71%)
You feel a surge of power!
The blink frog convulses in agony!
The blink frog hits you!
The blink frog blinks!
You take 12 damage, and have 35/68 hp.
You now have 19/20 mp.
The blink frog blinks!
You see here a river rat corpse.
You feel a strong surge of power!
You attempt to give life to the dead...
The blink frog hits you!
* * * LOW HITPOINT WARNING * * *
The blink frog blinks!
You take 15 damage, and have 20/68 hp.
MASSIVE DAMAGE!!
You now have 13/20 mp.
There is a stone staircase leading up, spattered with blood here.
You climb upwards.
Your mindless thrall stays behind.
There is a stone staircase leading down here.
You start resting.
Health restored: 68; MP restored: 20 You start waiting.
Done waiting.
Unknown command.
You climb downwards.
There is a stone staircase leading up, spattered with blood here.
You can't see any susceptible monsters within range! (Use Z to cast anyway.) Unknown command.
You start waiting.
A porcupine comes into view.
What do you say? t - Shout!
Orders for allies: a - Attack new target. r - Retreat! s - Stop attacking. w - Wait here. f - Follow me.
Anything else - Stay silent.
You shout for attention!
A spiny frog comes into view.
Aim: a porcupine (chance to defeat MR: 84%)
You feel a surge of power!
The porcupine barely resists.
You now have 19/20 mp.
Aim: a porcupine (chance to defeat MR: 84%)
You feel a surge of power!
The porcupine convulses in agony!
The porcupine closely misses you.
You now have 18/20 mp.
You hit the porcupine. You burn the porcupine.
The porcupine closely misses you.
The porcupine bites you but does no damage.
You are struck by the porcupine's spines.
You closely miss the porcupine. The porcupine bites you.
The porcupine bites you!
You take 28 damage, and have 40/68 hp.
MASSIVE DAMAGE!!
Aim: a porcupine (severely wounded)
You feel a surge of power!
You kill the porcupine!
You feel life coursing into your body. The spiny frog stings you!!
* * * LOW HITPOINT WARNING * * *
You take 23 damage, and have 17/68 hp.
MASSIVE DAMAGE!!
You now have 16/20 mp.
Aim: a spiny frog You feel a surge of power!
You feel life coursing into your body. The spiny frog stings you!
* * * LOW HITPOINT WARNING * * *
You take 13 damage, and have 4/68 hp.
You now have 13/20 mp.
Read which item? (? for menu, Esc to quit)
Okay, then.
Read which item? (? for menu, Esc to quit)
Okay, then.
Aim: a spiny frog (lightly wounded)
You feel a surge of power!
You feel life coursing into your body. The spiny frog stings you!
You die...

###........####
######.P........####
####...................
#####...........PP..#.P...#
#........................P#
#.........................#
#...............#........##
#.....##..............#..#
#....###..@.....#..........
##....# #..F......#.........
#.....###...>....P#...r.....
##.......#..............r....
#.................#....#r....
##................#..........
#..........................
#....#P..........#..... ###
#..........


You could see a spiny frog.

Vanquished Creatures
  Pikel (D:4)
  A black mamba (Lair:2)
  A spiny frog (Lair:1)
  A komodo dragon (Lair:1)
  2 trolls
  A two-headed ogre (D:10)
  2 yaks (D:9)
  A basilisk (D:9)
  Menkaure (D:4)
  3 water moccasins
  9 porcupines
  Duvessa (D:7)
  2 black bears
  An orc warrior (D:6)
  3 phantoms
  2 sky beasts (D:8)
  3 necrophages
  7 ogres
  2 centaurs
  A crocodile (Lair:1)
  A big kobold (D:8)
  2 giant frogs
  Dowan (D:7)
  3 scorpions
  7 killer bees
  An electric eel (D:9)
  4 crimson imps
  A giant frog zombie (D:8)
  3 hounds
  A gnoll shaman (D:6)
  9 orc priests
  Crazy Yiuf (D:5)
  A centaur skeleton (D:5)
  A giant frog skeleton (D:7)
  4 iguanas
  Ijyb (D:2)
  7 orc wizards
  Natasha (thrice) (D:2)
  12 worker ants
  8 sheep
  7 gnolls
  16 adders
  13 river rats
  2 shadow imps
  2 oozes
  An adder skeleton (D:4)
  2 worms
  4 dart slugs
  5 giant geckos
  39 orcs
  7 giant cockroaches
  11 hobgoblins
  5 jackals
  6 quokkas
  3 ball pythons
  9 bats
  A giant gecko skeleton (D:4)
  7 giant newts
  8 goblins
  A jackal skeleton (D:5)
  14 kobolds
  2 quokka skeletons
  9 rats
  A fungus (D:9)
291 creatures vanquished.

Vanquished Creatures (collateral kills)
  A hill giant (D:10)
  2 blink frogs (Lair:2)
  3 yaks
  A basilisk (D:9)
  3 water moccasins
  A porcupine (Lair:1)
  An orc warrior (D:9)
  A sky beast (D:5)
  2 centaurs
  2 crocodiles (Lair:2)
  2 giant frogs
  A giant frog zombie (D:5)
  A hound (D:5)
  2 giant frog skeletons
  An orc wizard (D:9)
  3 iguanas
  2 worker ants
  2 sheep (Lair:2)
  A gnoll (D:7)
  A river rat (D:9)
  A shadow imp (D:6)
  A worm (D:2)
  6 orcs
  A giant cockroach (D:5)
  2 goblins (D:2)
  A kobold (D:8)
  A quokka zombie (D:7)
46 creatures vanquished.

Vanquished Creatures (others)
  A slave (D:4)
  4 orcs (D:4)
  A quokka (D:4)
  A bush (D:9)
  5 plants (D:9)
12 creatures vanquished.

Grand Total: 349 creatures vanquished

Notes
Turn   | Place    | Note
--------------------------------------------------------------
     0 | D:1      | Jeelzebub the Mummy Necromancer began the quest for the Orb.
     0 | D:1      | Reached XP level 1. HP: 13/13 MP: 3/3
   340 | D:1      | Reached XP level 2. HP: 18/19 MP: 0/5
   789 | D:2      | Found an opulent altar of Gozag.
   809 | D:2      | Reached skill level 5 in Necromancy
   810 | D:2      | Reached XP level 3. HP: 21/24 MP: 1/6
   929 | D:2      | Found an oddly glowing altar of Pakellas.
   931 | D:2      | Found a shimmering altar of Xom.
  1009 | D:2      | Learned a level 3 spell: Vampiric Draining
  1160 | D:2      | Noticed Natasha
  1169 | D:2      | HP: 6/24 [Natasha/magic dart (10)]
  1173 | D:2      | Killed Natasha
  1243 | D:2      | Noticed Natasha
  1417 | D:2      | Killed Natasha
  1417 | D:2      | Reached XP level 4. HP: 30/30 MP: 2/7
  1775 | D:2      | Reached skill level 6 in Necromancy
  1895 | D:2      | Noticed Ijyb
  1906 | D:2      | Killed Ijyb
  1906 | D:2      | Reached XP level 5. HP: 20/35 MP: 0/8
  2223 | D:2      | Noticed Natasha
  2229 | D:2      | Killed Natasha
  2369 | D:2      | Learned a level 4 spell: Animate Dead
  2420 | D:2      | Found a snail-covered altar of Cheibriados.
  2494 | D:2      | Found a stormy altar of Qazlal.
  2857 | D:3      | Noticed Robin
  3452 | D:3      | Reached skill level 7 in Necromancy
  3551 | D:3      | Found a shadowy altar of Dithmenos.
  3829 | D:3      | HP: 6/35 [gnoll/whip (11)]
  3835 | D:3      | Reached XP level 6. HP: 12/41 MP: 0/9
  4125 | D:4      | Noticed Menkaure
  4141 | D:4      | HP: 6/41 [Menkaure (9)]
  4146 | D:4      | Killed Menkaure
  4527 | D:4      | Found a glowing golden altar of the Shining One.
  4544 | D:4      | Reached skill level 8 in Necromancy
  4781 | D:4      | Reached XP level 7. HP: 27/46 MP: 1/10
  4930 | D:4      | Reached skill level 9 in Necromancy
  5114 | D:4      | Noticed Pikel
  5123 | D:4      | Killed Pikel
  5123 | D:4      | Reached skill level 10 in Necromancy
  5123 | D:4      | Reached XP level 8. HP: 44/52 MP: 4/11
  5577 | D:5      | Entered Level 5 of the Dungeon
  5824 | D:5      | Reached skill level 3 in Spellcasting
  5979 | D:4      | Learned a level 4 spell: Control Undead
  6049 | D:5      | Found a runed door.
  6079 | D:5      | Reached skill level 4 in Spellcasting
  6349 | D:5      | Found a runed door.
  6869 | D:5      | Reached skill level 5 in Spellcasting
  7134 | D:5      | Noticed Crazy Yiuf
  7138 | D:5      | Killed Crazy Yiuf
  7230 | D:5      | HP: 13/52 [worker ant (3)]
  7237 | D:4      | HP: 2/52 [phantom (7)]
  7971 | D:5      | Reached skill level 6 in Spellcasting
  8371 | D:5      | Reached XP level 9. HP: 25/57 MP: 7/18
  8527 | D:5      | Learned a level 6 spell: Simulacrum
  8538 | D:6      | Reached skill level 1 in Ice Magic
  8795 | D:6      | Found a staircase to the Ecumenical Temple.
  8879 | D:6      | Found a glowing silver altar of Zin.
  9085 | D:6      | Found Watecs's Assorted Antiques.
  9102 | D:6      | Bought a pair of runed gloves for 103 gold pieces
  9107 | D:6      | Bought a steel ring for 115 gold pieces
  9107 | D:6      | Bought a scroll labeled GEKLUI ZOODIEZ for 23 gold pieces
  9107 | D:6      | Bought 3 scrolls labeled PUAFIYFIWE for 69 gold pieces
  9107 | D:6      | Bought a scroll labeled IVEAMM AMPOREGH for 23 gold pieces
  9380 | D:6      | Reached skill level 2 in Ice Magic
  9464 | D:6      | Reached skill level 3 in Ice Magic
  9763 | D:7      | Noticed Dowan
  9781 | D:7      | Noticed Duvessa
  9794 | D:7      | HP: 11/57 [Duvessa/vampiric short sword (6)]
 10142 | D:7      | Killed Duvessa
 10142 | D:7      | Reached skill level 4 in Ice Magic
 10311 | D:7      | Killed Dowan
 10799 | D:6      | Reached skill level 5 in Ice Magic
 10911 | D:7      | Got a fine war axe
 11360 | D:8      | Reached skill level 6 in Ice Magic
 12445 | D:8      | Reached XP level 10. HP: 63/63 MP: 19/19
 12740 | D:8      | Reached skill level 7 in Ice Magic
 13518 | D:9      | Found a staircase to the Lair.
 13738 | D:10     | Entered Level 10 of the Dungeon
 13889 | D:10     | Reached skill level 8 in Ice Magic
 14107 | D:10     | Noticed a hill giant
 14116 | D:10     | Killed a hill giant
 14506 | D:9      | Reached skill level 9 in Ice Magic
 14713 | D:9      | Found an iron altar of Okawaru.
 15222 | D:9      | Found a staircase to the Orcish Mines.
 15610 | D:9      | Identified the +10 war axe "Boiwke" {flame, -Tele +Rage rElec rPois Dex-5} (You found it on level 7 of the Dungeon)
 16028 | Lair:1   | Entered Level 1 of the Lair of Beasts
 16232 | Lair:1   | Reached skill level 10 in Ice Magic
 16622 | Lair:1   | Reached XP level 11. HP: 66/68 MP: 15/20
 18241 | Lair:2   | HP: 17/68 [spiny frog (25)]
 18242 | Lair:2   | HP: 4/68 [spiny frog (16)]
 18243 | Lair:2   | Slain by a spiny frog

Skill      XL: |  1  2  3  4  5  6  7  8  9 10 |
---------------+-------------------------------+-----
Necromancy     | 5 6 7 8 10 | 10.9
Spellcasting   | 6 |  6.6
Ice Magic      | 6 10 | 10.6
Dodging        | |  1.5
Stealth        | |  1.5

Action                   |  1- 3 |  4- 6 |  7- 9 | 10-12 || total
-------------------------+-------+-------+-------+-------++-------
Melee: Short sword       |    69 |    30 |     8 |       ||   107
       Dagger            |     1 |    83 |    52 |       ||   136
       Quarterstaff      |       |       |   146 |    61 ||   207
       War axe           |       |       |       |    50 ||    50
Throw: Javelin           |       |    46 |    89 |    30 ||   165
 Cast: Pain              |    39 |    71 |   176 |   158 ||   444
       Animate Dead      |       |     6 |    22 |    14 ||    42
       Vampiric Draining |       |     2 |    19 |    40 ||    61
       Control Undead    |       |       |    20 |       ||    20
       Simulacrum        |       |       |       |    27 ||    27
  Use: Scroll            |       |     1 |    10 |     8 ||    19
 Stab: Sleeping          |     4 |     1 |     2 |       ||     7
Armor: Robe              |    14 |    16 |    70 |    47 ||   147
Dodge: Dodged            |    57 |   103 |   201 |    90 ||   451
Block: Other             |       |       |    12 |     9 ||    21

Vault maps used:
D:1:      lightli_arrival_statue_moat
D:2:      forest_paths, nicolae_overflow_hidden_temple,
          nicolae_overflow_crystal_walls, grunt_ministairs_12, uniq_iyjb,
          uniq_natasha
D:3:      grunt_dithmenos_smoke, uniq_robin
D:4:      tso_metal_star, first_bread, serial_glass, glass_columns_a,
          glass_columns_a, item_on_display_a, due_unseen_surprise,
          serial_bayou_pond_c, grunt_ministairs_10, uniq_menkaure, uniq_pikel
D:5:      lemuel_insect_pit, minmay_misc_feat_doors, kennysheep_generic_room_9,
          uniq_crazy_yiuf_cottage
D:6:      lemuel_crystal_altar, minmay_temple_entry_junction, serial_shops,
          shop, minmay_misc_feat_five
D:7:      uniq_duvessa
D:9:      old_standard_altar, minmay_lair_entry_grove, david_orc_2, minivault_14
D:10:     grunt_tengu_nest, wad_scary_box, uniq_fannar, uniq_maud
Lair:1:   infiniplex_staircase_pool
Lair:2:   statuecave_lemuel, uniq_sonja

Table legend:
 A = Turns spent in this place as a percentage of turns spent in the entire game.
 B = Non-inter-level travel turns spent in this place as a percentage of non-inter-level travel turns spent in the entire game.
 C = Inter-level travel turns spent in this place as a percentage of turns spent in this place.
 D = Turns resting spent in this place as a percentage of non-inter-level travel turns spent in this place.
 E = Turns spent auto-exploring this place as a percentage of non-inter-level travel turns spent in this place.
 F = Non-inter-level travel turns spent in this place divided by the number of levels of this place that you've seen.
                   A       B       C       D       E      F
               +-------+-------+-------+-------+-------+----------------------
         Total | 100.0 | 100.0 |   0.3 |   7.1 |   8.2 | 338.8
       Dungeon |  89.3 |  89.3 |   0.3 |   7.4 |   8.3 | 362.9
          Lair |  10.7 |  10.7 |   0.2 |   3.9 |   8.0 | 218.0
               +-------+-------+-------+-------+-------+----------------------

Table legend:
 A = Kills in this place as a percentage of kills in entire the game.
 B = Kills by you in this place as a percentage of kills by you in the entire game.
 C = Kills by friends in this place as a percentage of kills by friends in the entire game.
 D = Other kills in this place as a percentage of other kills in the entire game.
 E = Experience gained in this place as a percentage of experience gained in the entire game.
 F = Experience gained in this place divided by the number of levels of this place that you have seen.
                   A       B       C       D       E      F
               +-------+-------+-------+-------+-------+----------------------
         Total | 100.0 | 100.0 | 100.0 |  -nan | 100.0 | 1146.0
       Dungeon |  88.0 |  90.9 |  69.6 |  -nan |  70.9 | 974.9
          Lair |  12.0 |   9.1 |  30.4 |  -nan |  29.1 | 2001.5
               +-------+-------+-------+-------+-------+----------------------
